 Dungeon Crawl Stone Soup version 0.16-a0-321-g9a421ca (webtiles) character file.

67 PolkaDot the Caller (level 3, -1/24 HPs)
             Began as a Vampire Summoner on Sept 2, 2014.
             Slain by a hound (4 damage)
             ... on Level 2 of the Dungeon.
             The game lasted 00:06:32 (1608 turns).

PolkaDot the Caller (Vampire Summoner)              Turns: 1608, Time: 00:06:33

HP  -1/24        AC  2     Str  7      XL: 3   Next: 98%
MP   6/6         EV 12     Int 18      God:
Gold 90          SH  0     Dex 14      Spells:  1 memorised,  5 levels left

rFire  + . .     SeeInvis +     c - -2 club (curse)
rCold  + . .     Clarity  .     a - +0 robe
rNeg   . . .     rCorr    +     (no shield)
rPois  +         rRot     .     (no helmet)
rElec  +         Spirit   .     (no cloak)
SustAb .         Warding  .     (no gloves)
rMut   .         Stasis   .     (no boots)
Gourm  .                        (no amulet)
MR     .....                    (no ring)
                                (no ring)

@: resistant, very slightly contaminated, regenerating quickly, hasted, very
quick, not resistant to hostile enchantments, unstealthy
A: fangs 3, see invisible, unbreathing
a: no special abilities


You were on level 2 of the Dungeon.
You were very full.

You visited 1 branch of the dungeon, and saw 2 of its levels.

You collected 90 gold pieces.

Inventory:

Hand weapons
 c - a cursed -2 club (weapon)
Armour
 a - a +0 robe (worn)
Scrolls
 g - a scroll of identify
 h - a scroll of recharging {unknown}
 i - a scroll of enchant armour {unknown}
 j - a scroll of noise {unknown}
 k - a scroll of blinking {unknown}
 m - a scroll of random uselessness {unknown}
Potions
 e - a potion of resistance
Books
 b - a book of Callings

   Spells                             Type                      Level
   *Summon Small Mammal               Summoning                    1
   Call Imp                           Summoning                    2
   Call Canine Familiar               Summoning                    3
   Summon Guardian Golem              Hexes/Summoning              4
   Summon Lightning Spire             Summoning/Air                4
   Summon Ice Beast                   Ice/Summoning                4


   Skills:
 - Level 2.1 Dodging
 - Level 3.0 Stealth
 - Level 2.0 Spellcasting
 * Level 5.6 Summonings


You had 5 spell levels left.
You knew the following spells:

 Your Spells              Type           Power        Failure   Level  Hunger
a - Summon Small Mammal   Summ           ###.         1%          1    #......


Dungeon Overview and Level Annotations

Branches:
Dungeon (2/15)

Altars:


Innate Abilities, Weirdness & Mutations

Your natural rate of healing is unusually fast.
You have razor-sharp teeth.
You have supernaturally acute eyesight.
You can survive without breathing.


Message History

The hound is moderately wounded.
Your quokka bites the hound.
The hound bites you.
* * * LOW HITPOINT WARNING * * *
Your quokka misses the hound. You hit the hound but do no damage.
The hound is heavily wounded.
The hound bites you.
* * * LOW HITPOINT WARNING * * *
Your quokka barely misses the hound.
Your quokka bites the hound.
You hit the hound but do no damage. Your bite misses the hound.
The hound is severely wounded.
The hound closely misses you.
Your quokka barely misses the hound.
Your quokka bites the hound.
You closely miss the hound.
The hound is almost dead.
The hound bites you.
* * * LOW HITPOINT WARNING * * *
Your quokka closely misses the hound.
Your quokka bites the hound.
The hound bites you.
You die...

......##.......# #.#
..#.#.##.......# #.#
....#..#......#######
#<# ######.#####..#
+...# ### #..# #..#
#...# ##.## #..#
+...# #..#
#..###'#### ##.#
#....PhP..# ###.#
#....@rr..#
######.#.#
#......####
....##.#.###[######
..#.##.#..##.#
..#..#....##.#
...........#.#
..<..#.###.#.#
..#..........#
.##.##.####..#


You could see a hound and 2 friendly quokkas.

Vanquished Creatures
  3 giant cockroaches
  6 hobgoblins
  A jackal (D:1)
  A ball python (D:2)
  7 bats
  5 giant newts
  4 goblins
  A kobold (D:1)
  6 rats
34 creatures vanquished.

Vanquished Creatures (collateral kills)
  A hound (D:2)
  A gnoll (D:2)
  A worm (D:2)
  A bat (D:1)
  A goblin (D:1)
  A kobold (D:1)
  2 jackals (D:1)
  A rat (D:2)
9 creatures vanquished.

Vanquished Creatures (others)
  A bat (D:2)
  A quokka (D:2)
  A rat (D:2)
3 creatures vanquished.

Grand Total: 46 creatures vanquished

Notes
Turn   | Place    | Note
--------------------------------------------------------------
     0 | D:1      | PolkaDot, the Vampire Summoner, began the quest for the Orb.
     0 | D:1      | Reached XP level 1. HP: 13/13 MP: 3/3
   291 | D:1      | Reached XP level 2. HP: 17/19 MP: 4/4
  1102 | D:2      | Reached skill level 5 in Summonings
  1102 | D:2      | Reached XP level 3. HP: 10/24 MP: 0/6
  1608 | D:2      | Slain by a hound

Action                   || total
-------------------------++-------
Melee: Club              ||   199
       Unarmed           ||     3
 Cast: Summon Small Mamm ||    20
  Use: Potion            ||     6
       Scroll            ||     1
 Stab: Sleeping          ||     4
  Eat: Corpse            ||    15
